 Dungeon Crawl Stone Soup version 0.29.1-14-g9c671dbff4 (webtiles) character file.

Game seed: 12487190911078904486

10 croobank the Sneak (level 2, 0/21 HPs)
             Began as an Octopode Delver on Feb 14, 2023.
             Slain by a goblin
             ... wielding a +0 dagger
             ... led by Robin
              (3 damage)
             ... on level 4 of the Dungeon.
             The game lasted 00:01:39 (473 turns).

croobank the Sneak (Octopode Delver)                 Turns: 473, Time: 00:01:39

Health: 0/21       AC:  1    Str: 11    XL:     2   Next: 20%
Magic:  2/2        EV: 13    Int: 12    God:
Gold:   9          SH:  0    Dex: 13    Spells: 1/1 levels left

rFire   . . .      SeeInvis .   a - +0 hand axe
rCold   . . .      Faith    .   (no shield)
rNeg    . . .      Spirit   .   (helmet restricted)
rPois   .          Reflect  .   (no amulet)
rElec   .          Harm     .   (no ring)
rCorr   .          Rampage  .   (no ring)
Will    .....                   (no ring)
Stlth   ++++......              (no ring)
HPRegen 0.07/turn               (no ring)
MPRegen 0.08/turn               (no ring)
                                (no ring)
                                (no ring)

@: no status effects
A: almost no armour, amphibious, 8 rings, camouflage 1, gelatinous body 1,
(nimble swimmer 1), tentacles
a: no special abilities


You were on level 4 of the Dungeon.
You visited 1 branch of the dungeon, and saw 5 of its levels.

You collected 9 gold pieces.

Inventory:

Hand Weapons
 a - a +0 hand axe (weapon)
 c - a +0 dagger
Missiles
 j - 4 boomerangs (quivered)
Wands
 f - a wand of digging (3)
Scrolls
 b - a scroll of fog
 d - a scroll of fear
 k - a scroll of poison {unknown}
Potions
 e - a potion of haste
 g - a potion of heal wounds {unknown}
 h - a potion of magic {unknown}
 i - a potion of degeneration {unknown}


   Skills:
 + Level 3.1 Fighting
 + Level 2.2 Axes
 + Level 2.2 Dodging
 + Level 6.7 Stealth


You had one spell level left.
You didn't know any spells.
Your spell library was empty.

Dungeon Overview and Level Annotations

Branches:
Dungeon (7/15)
 Temple: D:4-7

Altars:

Annotations:
D:3 Robin


Innate Abilities, Weirdness & Mutations

You cannot wear most types of armour.
You are amphibious.
You can wear up to eight rings at the same time.
Your skin changes colour to match your surroundings (Stealth+).
Your rubbery body absorbs attacks. (AC +1, EV +1)
((You are camouflaged when in or above water. (Stealth+)))
You have tentacles for arms and can constrict up to eight enemies at once.


Message History

k - a scroll labelled CEFAHEYTRAS
Found a stone staircase leading up.
There is a stone staircase leading up here.
You climb upwards.
Found a hand axe.
There is a stone staircase leading down here.
You hit the hobgoblin. You grab the hobgoblin. You squeeze the hobgoblin.
You kill the hobgoblin!
The goblin shouts! x2; You hear a shout! x4; The goblin shouts! x2
A hobgoblin comes into view.
A goblin comes into view. It is wielding a +0 club.
The hobgoblin moves out of view.
There is a stone staircase leading down here.
You completely miss the goblin.
The goblin shouts!
Your grab misses the goblin. You squeeze the goblin.
The goblin is severely wounded.
The goblin barely misses you. Robin throws the goblin at you!
The goblin closely misses you.
The goblin hits you with a +0 dagger. x2
Robin roars a battlecry!
The goblins go into a battle-frenzy!
The goblin barely misses you.
You climb downwards.
There is a stone staircase leading up here.
You barely miss the goblin. Your grab misses the goblin.
The goblin is severely wounded.
You barely miss the goblin. x2; The goblin barely misses you.
The goblin closely misses you. The goblin barely misses you.
You hit the goblin.
You kill the goblin!
You closely miss the goblin. x2; The goblin hits you with a +0 club.
The goblin closely misses you.
You hit the goblin. Your grab misses the goblin.
The goblin is severely wounded.
You closely miss the goblin. The goblin hits you with a +0 club.
* * * LOW HITPOINT WARNING * * *
The goblin closely misses you. The goblin misses you.
The goblin hits you with a +0 dagger.
You die...

#......# #.#
####.####.# #.#
#.........# #.#
#.##.##...# #.# #.
#....#.#####.#######
#.
#..#...............#
#.##..###.####...####.
#.........# #..g)g#
#####.##### ##..@##
#..# ##.## #.## #.#
#.# #.# #.# #+# #.#
#.## #..## ####...####


You could see 2 goblins.

Vanquished Creatures
  An ufetubus (D:5)
  An orc (D:4)
  A goblin (D:4)
  A hobgoblin (D:3)
4 creatures vanquished.

Notes
Turn   | Place    | Note
-------+----------+-------------------------------------------
     0 | D:5      | croobank the Octopode Delver began the quest for the Orb.
     0 | D:5      | Reached XP level 1. HP: 16/16 MP: 1/1
     9 | D:7      | Noticed a wight
     9 | D:7      | Noticed a wight
    33 | D:6      | Noticed a jelly
   166 | D:4      | Reached XP level 2. HP: 3/21 MP: 2/2
   464 | D:3      | Noticed Robin
   473 | D:4      | Slain by a goblin

Illustrated notes

Levels and vault maps discovered:
D:3:      cheibrodos_fertilizer, layout_basic, uniq_robin, uniq_pargi,
          uniq_natasha
D:4:      layout_loops_corners, mainiacjoe_overflow_surrounded_room,
          uniq_grinder, uniq_menkaure
D:5:      layout_basic, mainiacjoe_overflow_alcove_4, columned_hall_lemuel
D:6:      layout_basic, minmay_temple_entry_gardened_gates
D:7:      layout_gridville

Action                   || total
-------------------------++-------
Melee: Hand axe          ||    11
       Tentacles         ||     6
       Constrict         ||     4
  Use: Scroll            ||     1
Armor: Skin              ||     1
Dodge: Dodged            ||    14
